 Dungeon Crawl Stone Soup version 0.28.0-53-g5a82cb258f (webtiles) character file.

Game seed: 14482734285138860676

4 safid the Digger (level 1, -1/10 HPs)
             Began as a Gargoyle Earth Elementalist on Sept 1, 2022.
             Slain by a hobgoblin (4 damage)
             ... on level 1 of the Dungeon.
             The game lasted 00:00:43 (196 turns).

safid the Digger (Gargoyle Earth Elementalist)       Turns: 196, Time: 00:00:43

Health: -1/10      AC:  4    Str: 11    XL:     1   Next: 60%
Magic:  0/3        EV: 12    Int: 15    God:
Gold:   0          SH:  0    Dex: 10    Spells: 3/4 levels left

rFire   . . .      SeeInvis .   (no weapon)
rCold   . . .      Faith    .   (no shield)
rNeg    + . .      Spirit   .   b - +0 robe
rPois   ∞          Reflect  .   (no helmet)
rElec   +          Harm     .   (no cloak)
rCorr   .          Rampage  .   (no gloves)
Will    .....                   (no boots)
Stlth   ++........              (no amulet)
HPRegen 0.03/turn               (no ring)
MPRegen 0.08/turn               (no ring)

@: no status effects
A: sickness immunity, AC +2, negative energy resistance 1, electricity
resistance, torment resistance 1, petrification resistance
a: no special abilities


You were on level 1 of the Dungeon.
You visited 1 branch of the dungeon, and saw 1 of its levels.

Inventory:

Missiles
 c - 24 stones
Armour
 b - a +0 robe (worn)


   Skills:
 + Level 0.2 Fighting
 + Level 1.6 Dodging
 - Level 2.1 Stealth
 + Level 2.0 Spellcasting
 + Level 0.9 Transmutations
 + Level 3.7 Earth Magic


You had 3 spell levels left.
You knew the following spells:

 Your Spells              Type           Power      Damage    Failure   Level
a - Sandblast             Erth           24%        2d8       4%          1

Your spell library contained the following spells:

 Spells                   Type           Power      Damage    Failure   Level
 Passwall                 Tmut/Erth      6%         N/A       13%         2
 Stone Arrow              Conj/Erth      14%        3d7       30%         3
 Petrify                  Tmut/Erth      8%         N/A       65%         4


Dungeon Overview and Level Annotations

Branches:
Dungeon (1/15)

Altars:

Shops:
D:1 *


Innate Abilities, Weirdness & Mutations

You are immune to sickness and miasma.
Your stone body is resilient. (AC +2)
You are immune to poison.
You resist negative energy. (rN+)
You are resistant to electric shocks. (rElec)
You are resistant to unholy torment.
You are immune to petrification.


Message History

You see here a bat corpse.
Casting: Sandblast (safe; 4% risk of failure)
Confirm with . or Enter, or press ? or * to list all spells.
You don't have enough magic to cast this spell.
Unknown command.
You barely miss the goblin. The bat barely misses you.
The goblin barely misses you.
The hobgoblin hits you but does no damage.
You miss the bat.
The bat is severely wounded.
The bat closely misses you. The bat barely misses you.
The hobgoblin hits you but does no damage.
The goblin misses you. The hobgoblin closely misses you.
Unknown command.
You hit the hobgoblin.
The hobgoblin is lightly wounded.
The bat hits you but does no damage. The bat closely misses you.
The hobgoblin hits you. The goblin hits you with a +0 dagger.
* * * LOW HITPOINT WARNING * * *
The hobgoblin barely misses you.
Unknown command.
Unknown command.
The bat hits you but does no damage. The goblin hits you but does no damage.
Casting: Sandblast (safe; 4% risk of failure)
Confirm with . or Enter, or press ? or * to list all spells.
You don't have enough magic to cast this spell.
Unknown command.
The bat closely misses you.
Things that are here:
a +0 dagger; a goblin corpse You hit the hobgoblin.
The hobgoblin is heavily wounded.
The bat completely misses you. The hobgoblin barely misses you.
The hobgoblin closely misses you.
Unknown command.
You hit the hobgoblin.
You kill the hobgoblin!
The bat hits you but does no damage. The goblin hits you but does no damage.
The hobgoblin hits you.
You die...

#.......#### #.........# #..
#.##.....(.#####.##.##.#.# #..
#.##.##.##..........##.#.# #P.
#.##.##.########.#####.#.###♣.
#....†..# #.#####.....#P#
#.##.##.# #...........###
#.......# ############........
####.#### #.......# #.....###
#>######..@....# #.....#
#.....##.†ggb..# ##.####
#####.##†......# #.#
#...8(.......# #.#
#..8.8.......# #.#
#.8...8....>.# #.#
#8..∩..8...### #.#
#..8...8....# #.#
#...8.8.....# #.#


You could see a hobgoblin, a goblin and a bat.

Vanquished Creatures
  A goblin (D:1)
  2 hobgoblins (D:1)
  A bat (D:1)
  A frilled lizard (D:1)
5 creatures vanquished.

Notes
Turn   | Place    | Note
-------+----------+-------------------------------------------
     0 | D:1      | safid the Gargoyle Earth Elementalist began the quest for
                  | the Orb.
     0 | D:1      | Reached XP level 1. HP: 10/10 MP: 3/3
   167 | D:1      | Found Gaudient's General Store.
   196 | D:1      | Slain by a hobgoblin

Illustrated notes

Levels and vault maps discovered:
D:1:      kennysheep_arrival_seaside, layout_loops_cross, serial_shops,
          nicolae_diamond_shop, nrook_uturn, minmay_misc_feat_x

Action                   || total
-------------------------++-------
Melee: Unarmed           ||    22
 Cast: Sandblast         ||     6
 Stab: Sleeping          ||     1
Armor: Robe              ||    17
Dodge: Dodged            ||    46
